 Dungeon Crawl Stone Soup version 0.22-a0-166-g5351223 (webtiles) character file.

30 Borgoz the Skirmisher (level 3, 0/29 HPs)
             Began as a Demonspawn Abyssal Knight on Feb 13, 2018.
             Was a Follower of Lugonu.
             Slain by Terence
             ... wielding a +0 short sword
              (2 damage)
             ... on level 2 of the Dungeon.
             The game lasted 00:03:16 (1280 turns).

Borgoz the Skirmisher (Demonspawn Abyssal Knight)   Turns: 1280, Time: 00:03:16

Health: 0/29       AC:  4    Str: 13    XL:     3   Next: 3%
Magic:  5/5        EV: 17    Int: 13    God:    Lugonu [*.....]
Gold:   12         SH:  0    Dex: 17    Spells: 2/2 levels left

rFire    . . .     SeeInvis .   a - +1 mace
rCold    . . .     Gourm    .   (no shield)
rNeg     . . .     Faith    .   b - +0 leather armour
rPois    .         Spirit   .   (no helmet)
rElec    .         Reflect  .   (no cloak)
rCorr    .         Harm     .   (no gloves)
MR       .....                  (no boots)
Stlth    ++........             (no amulet)
HPRegen  0.09/turn              o - +1 ring of protection
MPRegen  0.09/turn              (no ring)

@: agile
A: powered by death 1
a: Depart the Abyss, Renounce Religion


You were on level 2 of the Dungeon.
You worshipped Lugonu.
Lugonu was aware of your devotion.
You were not hungry.

You visited 1 branch of the dungeon, and saw 2 of its levels.
You visited the Abyss 1 time.

You collected 12 gold pieces.

Inventory:

Hand Weapons
 a - a +1 mace (weapon)
Armour
 b - a +0 leather armour (worn)
Jewellery
 o - a +1 ring of protection (left hand)
Scrolls
 d - 3 scrolls of identify {unknown}
 i - 2 scrolls of fog {unknown}
 j - a scroll of blinking {unknown}
 k - 2 scrolls of remove curse {unknown}
 n - a scroll of magic mapping {unknown}
Potions
 e - a potion of haste
 g - a potion of invisibility {unknown}
 h - a potion of mutation {unknown}
 l - 2 potions of curing {unknown}
 m - a potion of heal wounds {unknown}
Comestibles
 c - 3 rations
 p - 2 chunks of flesh


   Skills:
 + Level 3.2 Fighting
 + Level 2.1 Maces & Flails
 + Level 2.1 Armour
 + Level 1.3 Dodging
 + Level 2.9 Invocations


You had 2 spell levels left.
You didn't know any spells.

Dungeon Overview and Level Annotations

Branches:
Dungeon (2/15)

Altars:

Annotations:
D:2 Terence


Innate Abilities, Weirdness & Mutations

You regenerate a little health from kills.


Message History

Terence is severely wounded.
Terence hits you but does no damage.
You closely miss Terence.
Terence is severely wounded.
You closely miss Terence.
Terence is severely wounded.
Terence hits you with a short sword.
You hit Terence.
Terence is almost dead.
Terence hits you with a short sword.
* * * LOW HITPOINT WARNING * * *
You hit Terence but do no damage.
Terence is almost dead.
You feel yourself slow down. Terence hits you with a short sword.
* * * LOW HITPOINT WARNING * * *
It was a potion of agility.
You feel agile all of a sudden. Terence hits you with a short sword.
You die...

. .. ##### ...#+#+###
#[..# .#.......####
#.#.#
.........'SS########.#.#
#......##.##@@.....#.#
#....@.##.##########.###
##...####..S..@....#...#
#.#. ##.....###.###.# #
.. #.###.# #.# #.# ...
#.###.###.###.# #..S
#....).##..)..# #...
#####..######## ###S
...#


You could see Terence.

Vanquished Creatures
  An ooze (D:1)
  2 dart slugs (D:1)
  A leopard gecko (D:1)
  A giant cockroach (D:1)
  3 goblins (D:1)
  4 hobgoblins
  A bat (D:1)
  3 frilled lizards (D:1)
  3 kobolds
  2 rats (D:1)
21 creatures vanquished.

Notes
Turn   | Place    | Note
-------+----------+-------------------------------------------
     0 | Abyss:1  | Borgoz the Demonspawn Abyssal Knight began the quest for the Orb.
     0 | Abyss:1  | Reached XP level 1. HP: 18/18 MP: 2/2
    69 | Abyss:1  | Noticed a ynoxinul
    79 | Abyss:1  | Noticed an ice devil
    99 | Abyss:1  | Noticed a neqoxec
   100 | D:1      | Escaped the Abyss
   218 | D:1      | Reached skill level 1 in Dodging
   257 | D:1      | Gained mutation: You regenerate a little health from kills. [demonic ancestry]
   257 | D:1      | Reached XP level 2. HP: 18/24 MP: 4/4
   334 | D:1      | Reached * piety under Lugonu
  1173 | D:2      | Reached XP level 3. HP: 29/29 MP: 5/5
  1203 | D:2      | Noticed Terence
  1280 | D:2      | Slain by Terence

Vault maps used:
D:1:      dpeg_arrival_pits, nrook_mini_backslash
D:2:      tso_altar, bloody_makhleb, interstate_on_off, minmay_pentomino_o4,
          uniq_terence
Abyss:1:  grunt_abyss_exit_deep_breaths

Skill      XL: |  1 |
---------------+----+-----
Dodging        | 1 |  1.3
Maces & Flails | 2 |  2.1
Armour         | 2 |  2.1
Fighting       | |  3.2
Invocations    | |  2.9

Action                   || total
-------------------------++-------
Melee: Mace              ||    86
Invok: Depart the Abyss  ||     1
  Use: Potion            ||     2
 Stab: Sleeping          ||     1
  Eat: Chunk             ||     1
Armor: Leather armour    ||    16
Dodge: Dodged            ||    44

Table legend:
 A = Spawn XP
 B = Non-spawn XP
 C = Spawn XP percentage of total XP
 D = Spawn monster count
 E = Non-spawn monster count
 F = Spawn count percentage of total count
 G = Total turns spent on level
                    A         B        C        D         E        F      G
               +---------+---------+-------+---------+---------+-------+---------
         Total |       0 |      43 |   0.0 |       0 |      21 |   0.0 |  1280
               +---------+---------+-------+---------+---------+-------+---------
           D:1 |       0 |      40 |   0.0 |       0 |      19 |   0.0 |  1052
           D:2 |       0 |       3 |   0.0 |       0 |       2 |   0.0 |   128
               +---------+---------+-------+---------+---------+-------+---------
